 Dungeon Crawl Stone Soup version 0.18-a0-5-gf1fb587 (webtiles) character file.

31 xeno23 the Sneak (level 3, -1/16 HPs)
             Began as a Spriggan Enchanter on Oct 31, 2015.
             Slain by Sigmund
             ... wielding a +0 scythe
              (9 damage)
             ... on level 2 of the Dungeon.
             The game lasted 00:09:59 (699 turns).

xeno23 the Sneak (Spriggan Enchanter)                Turns: 699, Time: 00:09:59

Health: -1/16      AC:  0    Str:  4    XL:     3   Next: 7%
Magic:  1/8        EV: 16    Int: 16    God:
Gold:   34         SH:  0    Dex: 17    Spells: 2 memorised, 5 levels left

rFire  . . .     SeeInvis +     (weapon currently unavailable)
rCold  . . .     Clarity  .     (armour currently unavailable)
rNeg   . . .     SustAt   .     (shield currently unavailable)
rPois  .         Gourm    .     (helmet currently unavailable)
rElec  .         Spirit   .     (cloak currently unavailable)
rCorr  .         Warding  .     (gloves unavailable)
rMut   .         Stasis   .     (boots unavailable)
MR     .....                    (no amulet)
Stlth  ++........               (ring currently unavailable)
                                (ring currently unavailable)

@: pig-form, very quick, not resistant to hostile enchantments, unstealthy
A: unfitting armour, see invisible, herbivore 3, (speed 0), slow metabolism 2
a: no special abilities


You were on level 2 of the Dungeon.
You were not hungry.
You were a filthy swine.
You visited 1 branch of the dungeon, and saw 2 of its levels.

You collected 34 gold pieces.

Inventory:

Hand Weapons
 a - a +2 dagger (melded)
Armour
 b - a +1 robe (melded)
Jewellery
 e - an uncursed ring of protection from cold
 g - a cursed -2 ring of strength (melded)
 i - a ring of protection from cold (melded)
Scrolls
 k - a scroll of recharging {unknown}
Potions
 f - a potion of curing {unknown}
 h - 2 potions of brilliance
 j - a potion of invisibility {unknown}
Books
 c - a book of Maledictions

   Spells                             Type                      Level
   a - Corona                         Hexes                        1
   b - Ensorcelled Hibernation        Hexes/Ice                    2
   c - Confuse                        Hexes                        3
   d - Tukima's Dance                 Hexes                        3
   e - Dazzling Spray                 Conjuration/Hexes            3
Comestibles
 d - 2 bread rations


   Skills:
 * Level 1.3 Short Blades
 + Level 3.8 Dodging
 + Level 4.6 Stealth
 + Level 3.0 Spellcasting
 * Level 4.2 Hexes


You had 5 spell levels left.
You knew the following spells:

 Your Spells              Type           Power        Failure   Level  Hunger
a - Corona                Hex            ###....      3%          1    #......
s - Ensorcelled Hibernat  Hex/Ice        #.....       14%         2    ##.....


Dungeon Overview and Level Annotations

Branches:
Dungeon (2/15)

Altars:

Annotations:
D:2 Sigmund


Innate Abilities, Weirdness & Mutations

You are tiny and cannot use many weapons and most armour.
You have supernaturally acute eyesight.
You are a herbivore.
((You cover ground extremely quickly.))
You need consume almost no food.


Message History

You feel stronger.
Really attack barehanded?
You hit Sigmund.
Sigmund is severely wounded.
Sigmund closely misses you.
You closely miss Sigmund.
Sigmund is severely wounded.
You closely miss Sigmund.
Sigmund is severely wounded.
Sigmund zaps a wand.
You hit Sigmund but do no damage.
Sigmund is severely wounded.
Sigmund points at you and mumbles some strange words.
The magic dart hits you!
You take 6 damage.
You barely miss Sigmund.
Sigmund is severely wounded.
Sigmund hits you with a scythe!
Ouch! That really hurt!
You die...

.# #.# #.# #.# ##.##
################$..##
#.......h@....!..#..#
#.###.##########....#####
.. #..........$.........
## ##.############.#.####
...# ##.###.## ..## #.#
##.# #.# #..###.## #.#
#.#.#.## #.# #.##..#


You could see Sigmund.

Vanquished Creatures
  A giant gecko (D:2)
  5 bats
  4 goblins
  5 hobgoblins (D:1)
  5 kobolds (D:1)
  A giant newt (D:1)
  7 rats
28 creatures vanquished.

Notes
Turn   | Place    | Note
--------------------------------------------------------------
     0 | D:1      | xeno23 the Spriggan Enchanter began the quest for the Orb.
     0 | D:1      | Reached XP level 1. HP: 9/9 MP: 5/5
   127 | D:1      | Reached XP level 2. HP: 11/13 MP: 4/6
   135 | D:1      | Learned a level 2 spell: Ensorcelled Hibernation
   590 | D:2      | Reached XP level 3. HP: 16/16 MP: 8/8
   658 | D:2      | Noticed Sigmund
   699 | D:2      | Slain by Sigmund

Vault maps used:
D:1:      sevenhm_arrival_forest_fort_small_4
D:2:      minitemple, uniq_natasha, uniq_sigmund

Action                   || total
-------------------------++-------
Melee: Dagger            ||    68
       Unarmed           ||     5
 Cast: Corona            ||     4
       Ensorcelled Hiber ||    11
  Use: Scroll            ||     3
 Stab: Sleeping          ||    12
